 Dungeon Crawl Stone Soup version 0.29-a0-824-gd827844252 (webtiles) character file.

Game seed: 2038940191483819245

114 coolguy69 the Cutter (level 4, 0/24 HPs)
             Began as a Vine Stalker Monk on July 10, 2022.
             Slain by an ogre
             ... wielding a +0 giant club
              (8 damage)
             ... on level 4 of the Dungeon.
             The game lasted 00:01:40 (1789 turns).

coolguy69 the Cutter (Vine Stalker Monk)            Turns: 1789, Time: 00:01:41

Health: 0/24       AC:  6    Str: 15    XL:     4   Next: 98%
Magic:  0/5        EV: 11    Int: 10    God:
Gold:   134        SH:  0    Dex: 17    Spells: 3/3 levels left

rFire   . . .      SeeInvis .   a - +0 short sword
rCold   . . .      Faith    .   (no shield)
rNeg    . . .      Spirit   +   f - +0 ring mail
rPois   .          Reflect  .   (no helmet)
rElec   .          Harm     .   (no cloak)
rCorr   .          Rampage  .   (no gloves)
Will    .....                   e - +0 pair of boots
Stlth   ++........              (no amulet)
HPRegen 0.88/turn               (no ring)
MPRegen 0.09/turn               (no ring)

@: no status effects
A: fangs 2, regeneration 1, magic shield, antimagic bite, no potion heal 2
a: no special abilities


You were on level 4 of the Dungeon.
You visited 1 branch of the dungeon, and saw 4 of its levels.

You collected 134 gold pieces.

Inventory:

Hand Weapons
 a - a +0 short sword (weapon)
Armour
 e - a +0 pair of boots (worn)
 f - a +0 ring mail (worn)
Scrolls
 b - 3 scrolls of identify {unknown}
 d - a scroll of poison {unknown}
 h - a scroll of teleportation {unknown}
 i - a scroll of blinking {unknown}
 j - 2 scrolls of vulnerability {unknown}
 k - a scroll of summoning {unknown}
 m - a scroll of enchant armour {unknown}
Potions
 c - a potion of ambrosia
 g - 3 potions of curing {unknown}


   Skills:
 + Level 3.3 Fighting
 + Level 3.5 Short Blades
 + Level 1.3 Armour
 + Level 2.6 Dodging
 + Level 3.2 Stealth


You had 3 spell levels left.
You didn't know any spells.
Your spell library contained the following spells:

 Spells                   Type           Power      Damage    Failure   Level
 Confusing Touch          Hex            0%         N/A       91%         3
 Gell's Gravitas          Tloc           0%         N/A       91%         3
 Lesser Beckoning         Tloc           0%         N/A       91%         3
 Teleport Other           Tloc           0%         N/A       91%         3
 Passage of Golubria      Tloc           0%         N/A       100%        4
 Silence                  Hex/Air        0%         N/A       100%        5
 Yara's Violent Unravell  Hex/Tmut       0%         3d3       100%        5
 Enfeeble                 Hex            0%         N/A       100%        7
 Lehudib's Crystal Spear  Conj/Erth      0%         10d2      100%        8


Dungeon Overview and Level Annotations

Branches:
Dungeon (3/15)

Altars:

Shops:
D:4 *

Annotations:
D:4 Menkaure


Innate Abilities, Weirdness & Mutations

You have extremely sharp teeth.
Your natural rate of healing is unusually fast.
When hurt, damage is shared between your health and your magic reserves.
Your bite disrupts and absorbs the magic of your enemies.
Potions cannot restore your health.


Message History

You hit the giant cockroach.
You kill the giant cockroach!
No target in view!
No target in view!
Things that are here:
a +0 short sword; 7 poisoned darts; a kobold corpse Menkaure, Prince of Dust comes into view.
Menkaure is nearby!
You hit Menkaure.
Menkaure is lightly damaged.
An ogre comes into view. It is wielding a +0 giant club.
Menkaure hits you but does no damage.
There are monsters nearby!
The ogre shouts!
You hit Menkaure. You bite Menkaure.
Menkaure's magic leaks into the air.
You drain his magic.
Menkaure is lightly damaged.
There are monsters nearby!
You hit Menkaure. Your bite misses Menkaure.
Menkaure is moderately damaged.
Menkaure hits you!!
Ouch! That really hurt!
There are monsters nearby!
You are too injured to fight recklessly!
You are too injured to fight recklessly!
You are too injured to fight recklessly!
It was a potion of heal wounds.
That seemed strangely inert.
Menkaure barely misses you.
You hit Menkaure but do no damage. You bite Menkaure.
Menkaure's magic leaks into the air.
You drain his magic.
You feel invigorated.
Menkaure is heavily damaged.
Menkaure calls on the powers of darkness!
The ogre convulses!
Your body is wracked with pain!
* * * LOW HITPOINT WARNING * * *
You hit Menkaure.
Menkaure is heavily damaged.
You hit Menkaure. You bite Menkaure, but do no damage.
Menkaure is heavily damaged.
The ogre hits you with a +0 giant club!
You die...

........#'#...[....#
........#.#.#..###.#
........#.#.##..##.#
).......#.#.##..##.# #
................##.#.#.#..
...............∩..........
#######.#.#.###..).#.#....
.#.#.###:.##..<.... .# #
#..@# #.#... #.....MO...#
... ####.......# ..
###.#...# . ........
......##. ... ..# .......#


You could see an ogre and Menkaure (magic disrupted).

Vanquished Creatures
  Jessica (D:2)
  An iguana (D:4)
  An adder (D:2)
  3 worms
  3 dart slugs (D:2)
  An orc (D:4)
  3 endoplasms
  3 giant cockroaches
  3 goblins
  5 hobgoblins
  2 quokkas
  A ball python (D:1)
  8 bats
  A frilled lizard (D:3)
  A kobold (D:4)
  2 rats
  2 toadstools (D:1)
41 creatures vanquished.

Vanquished Creatures (others)
  A plant (D:2)
  2 toadstools (D:1)
3 creatures vanquished.

Grand Total: 44 creatures vanquished

Notes
Turn   | Place    | Note
-------+----------+-------------------------------------------
     0 | D:1      | coolguy69 the Vine Stalker Monk began the quest for the
                  | Orb.
     0 | D:1      | Reached XP level 1. HP: 11/11 MP: 2/2
   159 | D:1      | Found a faded altar of an unknown god.
   455 | D:1      | Reached XP level 2. HP: 16/16 MP: 3/3
  1256 | D:2      | Reached XP level 3. HP: 18/20 MP: 4/4
  1285 | D:2      | Noticed Jessica
  1295 | D:2      | Killed Jessica
  1333 | D:2      | Gained mutation: Your natural rate of healing is unusually
                  | fast. [Vine Stalker growth]
  1333 | D:2      | Reached XP level 4. HP: 17/24 MP: 5/5
  1343 | D:2      | Reached skill level 1 in Armour
  1665 | D:3      | You fall into a shaft and drop 1 floor!
  1751 | D:4      | Found Tenoic's General Store.
  1781 | D:4      | Noticed Menkaure
  1783 | D:4      | Noticed an ogre
  1789 | D:4      | Slain by an ogre

Illustrated notes

Levels and vault maps discovered:
D:1:      ldierk_water_garden, layout_basic, serial_rivers,
          chequers_serial_rivers_small_3, chequers_serial_rivers_micro_a,
          chequers_serial_rivers_marsh, chequers_serial_rivers_marsh,
          ebering_ecumenical_altar_hall, patterned_corridor
D:2:      layout_rooms, corexii_shack, uniq_jessica
D:3:      layout_rooms, item_on_display_a
D:4:      layout_basic, serial_shops, nicolae_square_shop, uniq_menkaure

Skill      XL: |  1  2  3  4 |
---------------+-------------+-----
Fighting       | 3 |  3.3
Short Blades   | 3 |  3.5
Stealth        | 3 |  3.2
Armour         | 1 |  1.3
Dodging        | |  2.6

Action                   |  1- 3 |  4- 6 || total
-------------------------+-------+-------++-------
Melee: Short sword       |    58 |    83 ||   141
       Bite              |    14 |    33 ||    47
       Punch             |     1 |       ||     1
  Use: Potion            |       |     1 ||     1
 Stab: Sleeping          |     3 |     2 ||     5
Armor: Ring mail         |    18 |    27 ||    45
Dodge: Dodged            |    28 |    43 ||    71

Table legend: (Time is in decaauts)
 A = Elapsed time spent in this place.
 B = Non-inter-level travel time spent in this place.
 C = Inter-level travel time spent in this place.
 D = Time resting spent in this place.
 E = Time spent auto-exploring this place.
 F = Levels seen in this place.
 G = Mean time per level.
                   A        B        C        D        E       F      G
               +--------+--------+--------+--------+--------+-----+--------+
         Total |   1785 |   1767 |     18 |      0 |   1417 |   4 |  446.2 |
       Dungeon |   1785 |   1767 |     18 |      0 |   1417 |   4 |  446.2 |
               +--------+--------+--------+--------+--------+-----+--------+

Top non-repeatable levels by time:
     D:1: 938 daAuts
     D:2: 651 daAuts
     D:4: 120 daAuts
     D:3: 74 daAuts
